 Dungeon Crawl Stone Soup version 0.27.1-34-g3ba077fa99 (webtiles) character file.

Game seed: 5594253377356092936

61 Delamore the Sneak (level 4, -3/29 HPs)
             Began as an Octopode Brigand on Feb 11, 2022.
             Slain by Grinder (5 damage)
             ... while paralysed by Grinder
             ... on level 3 of the Dungeon.
             The game lasted 00:02:23 (2051 turns).

Delamore the Sneak (Octopode Brigand)               Turns: 2051, Time: 00:02:24

Health: -3/29      AC:  1    Str: 10    XL:     4   Next: 7%
Magic:  4/4        EV:  2    Int: 13    God:
Gold:   39         SH:  0    Dex: 14    Spells: 3/3 levels left

rFire    . . .     SeeInvis .   a - +2 dagger
rCold    . . .     Faith    .   (no shield)
rNeg     . . .     Spirit   .   (helmet restricted)
rPois    +         Reflect  .   (no amulet)
rElec    .         Harm     .   j - ring of poison resistance
rCorr    .         Rampage  .   (no ring)
Will     .....                  (no ring)
Stlth    ++++......             (no ring)
HPRegen  0.09/turn              (no ring)
MPRegen  0.09/turn              (no ring)
                                (no ring)
                                (no ring)

@: paralysed
A: almost no armour, amphibious, 8 rings, camouflage 1, gelatinous body 1,
(nimble swimmer 1), tentacles
a: no special abilities


You were on level 3 of the Dungeon.
You visited 1 branch of the dungeon, and saw 3 of its levels.

You collected 65 gold pieces.
You spent 26 gold pieces at shops.

Inventory:

Hand Weapons
 a - a +2 dagger (weapon)
Missiles
 b - 13 poisoned darts (quivered)
 c - 2 curare-tipped darts
Jewellery
 j - a ring of poison resistance (left tentacle)
Scrolls
 d - a scroll of blinking
 e - a scroll of magic mapping {unknown}
 g - a scroll of summoning
 i - 2 scrolls of enchant armour
 k - a scroll of teleportation {unknown}
Potions
 f - a potion of curing {unknown}


   Skills:
 - Level 2.0 Fighting
 + Level 2.8 Short Blades
 - Level 2.0 Throwing
 - Level 1.0 Dodging
 * Level 7.0 Stealth


You had 3 spell levels left.
You didn't know any spells.
Your spell library contained the following spells:

 Spells                   Type           Power      Damage    Failure   Level
 Summon Small Mammal      Summ           0%         N/A       30%         1
 Call Canine Familiar     Summ           0%         N/A       67%         3
 Summon Guardian Golem    Hex/Summ       0%         N/A       67%         3


Dungeon Overview and Level Annotations

Branches:
Dungeon (3/15)

Altars:

Shops:
D:1 ?   D:2 =

Annotations:
D:3 Grinder


Innate Abilities, Weirdness & Mutations

You cannot wear most types of armour.
You are amphibious.
You can wear up to eight rings at the same time.
Your skin changes colour to match your surroundings (Stealth+).
Your rubbery body absorbs attacks. (AC +1, EV +1)
((You are camouflaged near water. (Stealth+)))
You have tentacles for arms and can constrict up to eight enemies at once.


Message History

Grinder blinks!
Throw: dart (atropa)
Press: ? - help, Q - select action, (/) - cycle Shift-Dir - straight line, f/p - Grinder
Aim: Grinder (lightly wounded, 57% to hit, chance to blind on hit: 61%)
You throw an atropa-tipped dart. The atropa-tipped dart hits Grinder.
Grinder appears confused.
Grinder is lightly wounded.
Grinder seems less confused.
You see here an atropa-tipped dart.
h - an atropa-tipped dart Grinder is no longer blind.
You closely miss Grinder. You grab Grinder.
Grinder is lightly wounded.
You constrict Grinder. You barely miss Grinder. You squeeze Grinder.
Grinder is lightly wounded.
You constrict Grinder, but do no damage.
Grinder barely misses you.
Throw: dart (atropa)
Press: ? - help, Q - select action, (/) - cycle Shift-Dir - straight line, f/p - Grinder
Aim: Grinder (lightly wounded, constricted by you, 86% to hit, chance to blind on hit: 61%)
You throw an atropa-tipped dart. The atropa-tipped dart hits Grinder.
Grinder resists.
Grinder is lightly wounded.
You constrict Grinder. Grinder barely misses you.
Throw: 13 darts (poison)
Press: ? - help, Q - select action, (/) - cycle Shift-Dir - straight line, f/p - Grinder
Aim: Grinder (lightly wounded, constricted by you, 86% to hit)
Okay, then.
You hit Grinder.
Grinder is moderately wounded.
You constrict Grinder, but do no damage.
Grinder gestures at you.
You suddenly lose the ability to move!
You lose your grip on Grinder.
Grinder hits you!
* * * LOW HITPOINT WARNING * * *
You writhe in agony.
* * * LOW HITPOINT WARNING * * *
Grinder hits you.
You die...

#####....# ##.##
###........# #.#
#..........# #.#
#.#.###.#.## ##'##
#....##.#.# ##...##
#...###(..#.###..>..##
###. #.###.##..†....##
#.###5†##.#.........##
#....@....+.........'.
####...####.........##
##(## ##.......## #.#
##.....## #.# ##...##
#...# ##+## ###(# (# .


You could see Grinder.

Vanquished Creatures
  An adder (D:2)
  A worm (D:2)
  A dart slug (D:3)
  5 bats
  6 endoplasms
  3 giant cockroaches
  6 goblins
  3 hobgoblins
  A jackal (D:2)
  A quokka (D:3)
  5 ball pythons
  2 frilled lizards
  3 kobolds
  5 rats (D:2)
43 creatures vanquished.

Notes
Turn   | Place    | Note
-------+----------+-------------------------------------------
     0 | D:1      | Delamore the Octopode Brigand began the quest for the Orb.
     0 | D:1      | Reached XP level 1. HP: 14/14 MP: 1/1
     1 | D:1      | Found Tathuep's Magic Scroll Shoppe.
    68 | D:1      | Reached XP level 2. HP: 3/19 MP: 2/2
   765 | D:1      | Reached skill level 6 in Stealth
  1143 | D:2      | Reached XP level 3. HP: 23/24 MP: 3/3
  1509 | D:1      | Bought a scroll of identify for 26 gold pieces
  1626 | D:2      | Found a faded altar of an unknown god.
  1716 | D:2      | Found Goexuetz's Jewellery Emporium.
  1962 | D:3      | Reached XP level 4. HP: 29/29 MP: 4/4
  2024 | D:3      | Noticed Grinder
  2027 | D:3      | Reached skill level 7 in Stealth
  2049 | D:3      | Paralysed by Grinder for 7 turns
  2051 | D:3      | Slain by Grinder

Illustrated notes

Levels and vault maps discovered:
D:1:      scummos_arrival_forest, layout_basic, serial_shops, shop
D:2:      layout_rooms, serial_shops, nicolae_square_shop,
          ebering_ecumenical_altar_petrified, serial_park_tiny_pond,
          minmay_fractal_squares_5
D:3:      layout_loops_corners, doesnt_xom_only_xom,
          mainiacjoe_overflow_surrounded_room, uniq_grinder

Skill      XL: |  1  2  3  4 |
---------------+-------------+-----
Stealth        | 6 7 |  7.0
Fighting       | |  2.0
Short Blades   | |  2.8
Throwing       | |  2.0
Dodging        | |  1.0

Action                   |  1- 3 |  4- 6 || total
-------------------------+-------+-------++-------
Melee: Dagger            |    71 |     7 ||    78
       Constrict         |    13 |     2 ||    15
       Tentacles         |    11 |     2 ||    13
Throw: Dart              |       |     8 ||     8
  Use: Scroll            |     3 |       ||     3
 Stab: Sleeping          |    13 |       ||    13
Armor: Skin              |     2 |       ||     2
Dodge: Dodged            |    33 |     3 ||    36
